 Dungeon Crawl Stone Soup version 0.24.0-13-gcf9b3192b9 (webtiles) character file.

Game seed: 6313273639974818740, levelgen mode: deterministic

37 Aviak the Skirmisher (level 3, 0/33 HPs)
             Began as a Draconian Abyssal Knight on Nov 10, 2019.
             Was a Believer of Lugonu.
             Killed from afar by an orc wizard (2 damage)
             ... with a magic dart
             ... on level 3 of the Dungeon.
             The game lasted 00:01:31 (1362 turns).

Aviak the Skirmisher (Draconian Abyssal Knight)     Turns: 1362, Time: 00:01:32

Health: 0/33       AC:  6    Str: 14    XL:     3   Next: 21%
Magic:  4/4        EV: 12    Int: 12    God:    Lugonu [**....]
Gold:   55         SH:  0    Dex: 11    Spells: 2/2 levels left

rFire    . . .     SeeInvis .   a - +1 spear
rCold    . . .     Gourm    .   (no shield)
rNeg     . . .     Faith    .   (armour unavailable)
rPois    .         Spirit   .   (helmet restricted)
rElec    .         Reflect  .   e - +0 cloak
rCorr    .         Harm     .   (no gloves)
MR       .....                  (no boots)
Stlth    +.........             (no amulet)
HPRegen  0.11/turn              (no ring)
MPRegen  0.09/turn              (no ring)

@: no status effects
A: unfitting armour, cold-blooded, AC +5
a: Depart the Abyss, Bend Space, Renounce Religion


You were on level 3 of the Dungeon.
You worshipped Lugonu.
Lugonu was pleased with you.
You were not hungry.

You visited 1 branch of the dungeon, and saw 3 of its levels.
You visited the Abyss 1 time.

You collected 55 gold pieces.

Inventory:

Hand Weapons
 a - a +1 spear (weapon)
Armour
 e - a +0 cloak (worn)
Scrolls
 f - 2 scrolls of random uselessness
 i - 2 scrolls of identify
Comestibles
 b - 5 rations
 g - 3 chunks of flesh


   Skills:
 + Level 3.7 Fighting
 + Level 2.5 Polearms
 + Level 2.5 Dodging
 + Level 2.5 Invocations


You had 2 spell levels left.
You didn't know any spells.
Your spell library was empty.

Dungeon Overview and Level Annotations

Branches:
Dungeon (3/15)

Altars:

Annotations:
D:2 Robin


Innate Abilities, Weirdness & Mutations

Your plain brown scales are hard. (AC +5)
You cannot fit into any form of body armour.
You are cold-blooded and may be slowed by cold attacks.


Message History

Unknown command.
The orc wizard casts a spell.
The orc wizard flickers and vanishes!
Deactivating autopickup; reactivate with Ctrl-A.
As you read the scroll labeled YTHRYL BEJAAS, it crumbles to dust.
It is a scroll of identify.
f - 2 scrolls of random uselessness;
i - 2 scrolls of identify
As you read the scroll labeled SEH ESIDGHUESK, it crumbles to dust.
You feel blessed for a moment.
It was a scroll of remove curse.
Something hits you but does no damage.
You miss something. Something hits you but does no damage.
You hit something but do no damage. Something hits you.
* * * LOW HITPOINT WARNING * * *
Something hits you.
* * * LOW HITPOINT WARNING * * *
Unknown command.
Something hits you but does no damage. The worm misses you.
A magic dart appears from out of thin air!
The magic dart hits you.
You die...

###### ##....#
####..##.# #
#####....###o######
.##.##o....##..w{......#
.......######..........#
.......### #(..@......#
.......w.# #..........#
>.....##o####..........#
.....g #.)))#....<.....#
)...$. ####............#
.#..## ###.)........#
.#.. #...##..#### #..
###........ #.........


You could see a worm and an orc.

Vanquished Creatures
  2 dart slugs (D:1)
  A leopard gecko (D:3)
  A bat (D:1)
  2 giant cockroaches (D:1)
  6 goblins
  6 hobgoblins
  3 jackals (D:2)
  2 frilled lizards (D:2)
  2 kobolds (D:1)
  4 rats
29 creatures vanquished.

Notes
Turn   | Place    | Note
-------+----------+-------------------------------------------
     0 | Abyss:1  | Aviak the Draconian Abyssal Knight began the quest for the
                  | Orb.
     0 | Abyss:1  | Reached XP level 1. HP: 19/19 MP: 2/2
    19 | D:1      | Escaped the Abyss
   634 | D:1      | Reached XP level 2. HP: 26/26 MP: 3/3
  1284 | D:2      | Noticed Robin
  1286 | D:2      | Reached XP level 3. HP: 33/33 MP: 4/4
  1318 | D:3      | Reached ** piety under Lugonu
  1362 | D:3      | Killed from afar by an orc wizard

Levels and vault maps discovered:
D:1:      dpeg_arrival_circle_labyrinth_c, layout_basic,
          minmay_large_rounded_square, minmay_tetromino_s2
D:2:      layout_basic, uniq_robin
D:3:      layout_rooms, first_ration, chequers_avenue

Action                   || total
-------------------------++-------
Melee: Spear             ||    85
       Tailslap          ||     6
  Use: Scroll            ||     2
       Potion            ||     2
  Eat: Chunk             ||     1
Armor: Skin              ||    28
Dodge: Dodged            ||    50
